 Dungeon Sprint DCSS version 0.17.1-1-g73c8601 (webtiles) character file.

833 Ponchio the Fighter (level 7, -4/52 HPs)
             Began as a Gargoyle Fighter on Dec 26, 2015.
             Was an Initiate of Okawaru.
             Splashed by a jelly's acid (8 damage)
             ... in the Dungeon (Sprint III: "The Ten Rune Challenge").
             The game lasted 00:17:29 (1525 turns).

Ponchio the Fighter (Gargoyle Fighter)              Turns: 1525, Time: 00:17:32

Health: -4/52      AC: -5    Str: 20    XL:     7   Next: 98%
Magic:  7/7        EV:  8    Int:  9    God:    Okawaru [......]
Gold:   23         SH: 11    Dex: 10    Spells: 0 memorised, 6 levels left

rFire  . . .     SeeInvis .     m - +5 club
rCold  . . .     Clarity  .     b - +0 scale mail
rNeg   + . .     SustAt   .     c - +0 shield
rPois  ∞         Gourm    .     (no helmet)
rElec  +         Spirit   .     q - +0 cloak
rCorr  .         Warding  .     (no gloves)
rMut   .         NoTele   +     (no boots)
MR     .....                    (no amulet)
Stlth  ..........               (no ring)
                                (no ring)

@: short of breath, corroded equipment, not resistant to hostile enchantments,
extremely unstealthy
A: breathe flames 1, negative energy resistance 1, electricity resistance,
unbreathing, petrification resistance, rot immunity, AC +4
a: Renounce Religion, Breathe Fire


You were in the Dungeon.
You worshipped Okawaru.
Okawaru was noncommittal.
You were not hungry.

You visited 1 branch You collected 23 gold pieces.

Inventory:

Hand Weapons
 a - a +0 flail
 m - a +5 club (weapon)
Armour
 b - a +0 scale mail (worn)
 c - a +0 shield (worn)
 q - a +0 cloak (worn)
Wands
 l - a wand of teleportation (0)
 o - a wand of random effects (27)
Scrolls
 n - a scroll of enchant armour {unknown}
 s - a scroll of torment {unknown}
 t - a scroll of identify
 u - 3 scrolls of remove curse
 w - a scroll of immolation {unknown}
Potions
 d - a potion of might
 i - 3 potions of magic
 j - a potion of berserk rage
 r - a potion of mutation
 x - 2 potions of cure mutation
 z - 2 potions of flight
Books
 g - a book of Debilitation

   Spells                             Type                      Level
   a - Corona                         Hexes                        1
   b - Slow                           Hexes                        2
   c - Gell's Gravitas                Hexes/Translocation          3
   d - Inner Flame                    Hexes/Fire                   3
   e - Cause Fear                     Hexes                        4
   f - Leda's Liquefaction            Hexes/Earth                  4
Comestibles
 e - 2 bread rations
 f - 2 chunks of flesh


   Skills:
 + Level 10.0 Fighting
 + Level 8.5 Maces & Flails
 + Level 9.9 Armour
 + Level 9.8 Shields


You had 6 spell levels left.
You didn't know any spells.

Dungeon Overview and Level Annotations

Branches:
Dungeon (1/1)

Altars:
Elyvilon
Kikubaaqudgha
Okawaru
Sif Muna
Trog
Vehumet
Zin
The Shining One


Innate Abilities, Weirdness & Mutations

You are resistant to torment.
Your stone body is resilient (AC +4).
You are immune to poison.
You resist negative energy.
You are resistant to electric shocks.
You can survive without breathing.
You are immune to petrification.
You are immune to rotting.
You can breathe flames.


Message History

You hit the jelly but do no damage. The acid corrodes you!
Your hands burn!
The jelly is severely wounded.
You block the jelly's attack.
You hit the jelly. The acid corrodes you!
Your hands burn!
The jelly is severely wounded.
The jelly hits you.
* * * LOW HITPOINT WARNING * * *
You are splashed with acid!
The acid burns!
* * * LOW HITPOINT WARNING * * *
Evoke which item? (* to show all) (? for menu, Esc to quit)
Zapping:
o - a wand of random effects (will waste charges)
Press: ? - help, Shift-Dir - straight line, f/p - jelly
Aim: a jelly (severely wounded)
The magic dart hits the jelly.
The jelly is severely wounded.
Evoking this partially-identified wand wasted a few charges.
The jelly hits you.
* * * LOW HITPOINT WARNING * * *
You are splashed with acid!
The acid corrodes you!
The acid burns!
You die...

▓.....#....≈♣♣♣♣..###
▓.....#)..≈≈...♣..#..
▓....)#..≈≈≈≈..♣♣.'.⌠
▓####'#..≈≈≈≈≈≈...#..
▓....[#.≈≈≈≈≈≈....#.⌠
▓.....#.≈≈≈≈≈.....#..
▓.....#.≈≈≈.......#)#
▓'#####...........#..
▓...@J............#__
▓▓▓▓▓▓▓▓▓▓▓▓▓▓▓▓▓▓▓▓▓


You could see a jelly.

Vanquished Creatures
  A deep elf priest (D)
  A shadow (D)
  A water elemental (D)
  Crazy Yiuf (D)
  A wizard (D)
  Jessica (D)
  3 humans (D)
  A kobold demonologist (D)
  2 oozes (D)
  A rat (D)
13 creatures vanquished.

Vanquished Creatures (others)
  2 draconian scorchers (D)
  2 yaktaurs (D)
4 creatures vanquished.

Grand Total: 17 creatures vanquished

Notes
Turn   | Place    | Note
--------------------------------------------------------------
     0 | D        | Ponchio the Gargoyle Fighter began the quest for the Orb.
     0 | D        | Reached XP level 1. HP: 14/14 MP: 1/1
     7 | D        | Reached skill level 4 in Fighting
     8 | D        | Reached XP level 2. HP: 18/20 MP: 2/2
    15 | D        | Noticed Jessica
    91 | D        | Killed a yaktaur
   107 | D        | Killed Jessica
   107 | D        | Reached skill level 5 in Fighting
   107 | D        | Reached XP level 3. HP: 14/26 MP: 3/3
   132 | D        | Killed a white draconian scorcher
   161 | D        | Killed a white draconian scorcher
   268 | D        | Noticed Crazy Yiuf
   282 | D        | Killed Crazy Yiuf
   282 | D        | Reached skill level 5 in Armour
   282 | D        | Reached skill level 5 in Shields
   282 | D        | Reached XP level 4. HP: 9/31 MP: 0/4
   587 | D        | Gained mutation: Your spells are a little easier to cast, but a little less powerful. [potion of mutation]
   587 | D        | Lost mutation: Your spells are a little easier to cast, but a little less powerful. [potion of mutation]
   587 | D        | Gained mutation: You can breathe flames. [potion of mutation]
   659 | D        | Noticed a water elemental
   672 | D        | Killed a water elemental
   672 | D        | Reached skill level 6 in Fighting
   672 | D        | Reached skill level 5 in Maces & Flails
   672 | D        | Reached XP level 5. HP: 18/37 MP: 5/5
   851 | D        | Found a glowing silver altar of Zin.
   851 | D        | Found a glowing golden altar of the Shining One.
   851 | D        | Found a white marble altar of Elyvilon.
   852 | D        | Noticed a deep elf priest
   868 | D        | Killed a deep elf priest
   868 | D        | Reached skill level 8 in Fighting
   868 | D        | Reached XP level 6. HP: 18/45 MP: 6/6
  1057 | D        | Found an iron altar of Okawaru.
  1057 | D        | Found a bloodstained altar of Trog.
  1057 | D        | Noticed a human
  1058 | D        | Noticed a human
  1098 | D        | Killed a human
  1098 | D        | Reached skill level 9 in Fighting
  1098 | D        | Reached XP level 7. HP: 13/51 MP: 7/7
  1147 | D        | Killed a yaktaur
  1150 | D        | Killed a human
  1424 | D        | Became a worshipper of Warmaster Okawaru
  1436 | D        | Found a radiant altar of Vehumet.
  1436 | D        | Found a deep blue altar of Sif Muna.
  1436 | D        | Found an ancient bone altar of Kikubaaqudgha.
  1436 | D        | Noticed a wizard
  1451 | D        | Killed a wizard
  1481 | D        | Noticed a jelly
  1482 | D        | Noticed a shadow
  1510 | D        | HP: 2/52 [something (30)]
  1520 | D        | Killed a shadow
  1520 | D        | Reached skill level 10 in Fighting
  1525 | D        | Splashed by a jelly's acid

Action                   |  1- 3 |  4- 6 |  7- 9 || total
-------------------------+-------+-------+-------++-------
Melee: Flail             |    14 |       |       ||    14
       Club              |    11 |    53 |    46 ||   110
 Abil: Breathe Fire      |       |     3 |     2 ||     5
Evoke: Wand              |       |       |     3 ||     3
  Use: Potion            |       |     4 |     2 ||     6
       Scroll            |       |     3 |       ||     3
  Eat: Royal jelly       |       |     1 |       ||     1
       Chunk             |       |       |     1 ||     1
